AoeStats
← Joaquito

Arena

509927972Analyzed
4v4 RM · 2d ago on Sep 28, 2026· 50m 13s· 8 players
Game mode
Random Map
Map size
Large (8 player)
Population
200
Speed
Normal
Resources
Standard
Victory
Conquest
Starting age
Dark Age
Ending age
Imperial Age
RankedLock teamsTeams togetherTeam positionsShared explorationLock speedFull tech treeHidden civsTurbo modeCheats
Victory
Defeat
🇨🇱 Ethiopians · Chile
1163
+11
🇨🇱 Cumans · Chile
1087
+14
🇨🇱 Turks · Chile
1083
+14
🇨🇱 Mongols · Chile
1033
+16
🇹🇷 Maya · Türkiye
1144
-17
🇸🇪 Ethiopians · Sweden
1037
-14
🇺🇸 Huns · United States
1029
-13
🇹🇷 Khmer · Türkiye
979
-11
LongDuckDong23
12:51 Feudal Age
13:22 Loom
16:46 Castle Age
14:39 Double-Bit Axe
17:37 Squires
19:56 Stone Mining
22:37 Horse Collar
26:49 Bow Saw
27:53 Wheelbarrow
29:56 Bloodlines
29:48 Husbandry
30:44 Hand Cart
34:46 Imperial Age
33:23 Forging
33:30 Scale Barding Armor
34:22 Gold Mining
35:25 Iron Casting
35:49 Chain Barding Armor
35:42 Elite Tarkan
36:51 Masonry
38:20 Blast Furnace
38:46 Scale Mail Armor
38:37 Fletching
40:04 Cavalier
41:18 Ballistics
41:58 Chemistry
Prusias
0:35 Loom
10:53 Feudal Age
15:02 Castle Age
13:16 Double-Bit Axe
14:10 Scale Mail Armor
22:41 Forging
23:19 Squires
23:06 Arson
25:47 Eagle Warrior
28:09 Chain Mail Armor
28:29 Iron Casting
YemYesiL
11:30 Feudal Age
14:39 Castle Age
12:47 Loom
13:10 Double-Bit Axe
13:16 Horse Collar
Qk1
5:07 Loom
10:34 Feudal Age
11:59 Loom
14:24 Castle Age
12:52 Horse Collar
13:00 Double-Bit Axe
20:37 Wheelbarrow
22:52 Scale Mail Armor
27:09 Imperial Age
26:50 Bow Saw
28:49 Chemistry
28:26 Conscription
31:32 Siege Engineers
33:45 Torsion Engines
33:22 Onager
36:21 Elite Skirmisher
38:18 Thumb Ring
40:30 Ballistics
40:02 Fletching
40:13 Padded Archer Armor
41:54 Two-Man Saw
40:58 Heavy Plow
41:20 Bodkin Arrow
41:40 Leather Archer Armor
cacadecaca38
10:02 Feudal Age
10:45 Double-Bit Axe
20:22 Horse Collar
24:42 Castle Age
23:44 Gold Mining
24:15 Bloodlines
24:46 Forging
26:18 Scale Barding Armor
27:25 Capped Ram
31:38 Chain Barding Armor
33:07 Wheelbarrow
35:14 Heavy Plow
38:07 Gold Shaft Mining
39:10 Iron Casting
41:33 Hand Cart
Drookns
11:05 Feudal Age
15:25 Castle Age
16:12 Double-Bit Axe
18:38 Loom
18:43 Loom
31:29 Wheelbarrow
33:22 Fletching
33:37 Padded Archer Armor
37:09 Hand Cart
38:08 Horse Collar
41:12 Imperial Age
44:17 Scale Barding Armor
44:23 Forging
45:43 Bloodlines
46:34 Husbandry
52:03 Imperial Age
Joaquito
7:04 Loom
9:30 Feudal Age
16:00 Fletching
18:30 Padded Archer Armor
19:09 Horse Collar
20:44 Double-Bit Axe
26:10 Castle Age
24:05 Gold Mining
26:13 Crossbowman
27:00 Thumb Ring
26:59 Bodkin Arrow
27:22 Leather Archer Armor
28:33 Scale Mail Armor
28:55 Bow Saw
29:36 Gold Shaft Mining
30:56 Wheelbarrow
32:15 Hand Cart
34:11 Town Watch
35:08 Stone Mining
37:30 Bow Saw
37:54 Heavy Plow
41:06 Imperial Age
39:06 Chain Mail Armor
39:45 Ballistics
42:16 Stone Shaft Mining
41:32 Arbalester
41:39 Arbalester
44:58 Town Patrol
45:00 Bracer
47:04 Chemistry
47:00 Conscription
46:44 Royal Heirs
Arzzeus
9:50 Feudal Age
13:42 Castle Age
12:28 Double-Bit Axe
13:02 Loom
13:15 Stone Mining
13:11 Horse Collar
17:54 Fletching
20:30 Bodkin Arrow
22:49 Bow Saw
25:11 Padded Archer Armor
28:41 Nomads
29:31 Ballistics
34:03 Imperial Age
34:34 Wheelbarrow
35:34 Gold Mining
36:04 Hand Cart
37:00 Chemistry
37:18 Conscription
37:37 Heavy Plow
38:05 Drill
38:37 Bracer
40:04 Elite Mangudai
42:06 Gold Shaft Mining
44:33 Scale Barding Armor
44:02 Cavalier
45:09 Husbandry
45:20 Bloodlines
48:21 Chain Barding Armor
Connection lost

Rejoining the realm…

Still unreachable

The connection could not be restored.

Session expired

The server has moved on; the page needs a fresh start.